AoeStats
← DS_The Answer

Enclosed

506269986Analyzed
1v1 RM · 18d ago on Sep 13, 2026· 23m 23s· 2 players
Game mode
Random Map
Map size
Tiny (2 player)
Population
200
Speed
Normal
Resources
Standard
Victory
Conquest
Starting age
Dark Age
Ending age
Imperial Age
RankedLock teamsTeams togetherTeam positionsShared explorationLock speedFull tech treeHidden civsTurbo modeCheats
Victory
Defeat
🇦🇷 Franks · Argentina
1981
+18
🇨🇳 Britons · China
2019
-18
DS_The Answer
6:02 Loom
8:30 Feudal Age
9:10 Double-Bit Axe
14:14 Padded Archer Armor
14:28 Fletching
16:28 Scale Barding Armor
老愛國
7:51 Loom
9:55 Feudal Age
10:51 Double-Bit Axe
10:56 Gold Mining
11:42 Horse Collar
13:36 Fletching
14:26 Padded Archer Armor
21:06 Scale Barding Armor
21:54 Wheelbarrow
Connection lost

Rejoining the realm…

Still unreachable

The connection could not be restored.

Session expired

The server has moved on; the page needs a fresh start.